 Dungeon Crawl Stone Soup version 0.20.1-1-g8b1a95d (webtiles) character file.

21610 Sunburn the Basher (level 12, -13/151 HPs)
             Began as a Demonspawn Monk on July 12, 2017.
             Was a High Priest of Okawaru.
             Mangled by Snorg (14 damage)
             ... on level 3 of the Lair of Beasts.
             The game lasted 00:51:03 (15230 turns).

Sunburn the Basher (Demonspawn Monk)               Turns: 15230, Time: 00:51:04

Health: -13/151    AC: 26    Str: 17    XL:     12   Next: 55%
Magic:  15/15      EV:  2    Int: 12    God:    Okawaru [*****.]
Gold:   524        SH:  0    Dex: 27    Spells: 11/11 levels left

rFire    . . .     SeeInvis .   r - +7 battleaxe of Karma {freeze, Fragile Dex+7}
rCold    . . .     Gourm    .   (shield currently unavailable)
rNeg     + + +     Faith    .   (armour currently unavailable)
rPois    +         Spirit   .   (helmet unavailable)
rElec    .         Reflect  .   (cloak currently unavailable)
rCorr    .         Harm     .   (gloves currently unavailable)
MR       .....     Clarity  +   (boots currently unavailable) Stlth +++++.....NoTele +
                                i - amulet of regeneration
Regen    0.8/turn               k - ring of poison resistance
MPRegen  0.2/turn               p - ring of positive energy

@: mighty, tree-form, heroism
A: thin skeletal structure 1, clarity, powered by pain 2, weak 1
a: Heroism, Finesse, Renounce Religion


You were on level 3 of the Lair of Beasts.
You worshipped Okawaru.
Okawaru was extremely pleased with you.
You were not hungry.
You were a tree.
You visited 3 branches of the dungeon, and saw 16 of its levels.

You collected 788 gold pieces.
You spent 264 gold pieces at shops.

Inventory:

Hand Weapons
 r - the +7 battleaxe of Karma (weapon) {freeze, Fragile Dex+7}
   (You found it on level 1 of the Lair of Beasts)

   It has been specially enchanted to freeze those struck by it, causing extra
   injury to most foes and up to half again as much damage against particularly
   susceptible opponents.
   It can also slow down cold-blooded creatures.
   It affects your dexterity (+7).
   It will be destroyed if unequipped.
 v - a +4 dire flail of venom
 A - the +2 flail "Ogreslayer" {vamp, Dex+5}
   (You found it on level 10 of the Dungeon)

   It inflicts no extra harm, but heals its wielder when it wounds a living foe.
   It affects your dexterity (+5).
 G - the +4 war axe "Pauff" {freeze, +Inv}
   (You found it on level 12 of the Dungeon)

   It has been specially enchanted to freeze those struck by it, causing extra
   injury to most foes and up to half again as much damage against particularly
   susceptible opponents.
   It can also slow down cold-blooded creatures.
   It lets you turn invisible.
Missiles
 d - 8 needles of sleeping
 j - a tomahawk of returning
 D - 4 tomahawks
 J - 8 javelins (quivered)
Armour
 m - a +1 cloak (melded)
 y - a +0 leather armour (melded)
 S - a +1 pair of boots of stealth (melded)
Jewellery
 g - a +2 ring of intelligence
 i - an amulet of regeneration (around neck)
 k - a ring of poison resistance (left branch)
 p - a ring of positive energy (right branch)
Wands
 a - a wand of scattershot (2/9)
 c - a wand of confusion (37/48)
 q - a wand of disintegration (24/24)
 u - a wand of disintegration (19/24)
 E - a wand of flame (48/48)
 F - a wand of disintegration (9/24)
 H - a wand of flame (26/48)
 I - a wand of paralysis (7/24)
 W - a wand of polymorph (10/24)
Scrolls
 e - a scroll of silence
 h - 3 scrolls of immolation
 o - a scroll of recharging
 K - 4 scrolls of remove curse
 V - a scroll of enchant weapon
Potions
 b - a potion of mutation
 n - 3 potions of brilliance {unknown}
 t - a potion of resistance {unknown}
 w - 2 potions of degeneration {unknown}
 x - 2 potions of magic
 L - 2 potions of flight
 N - a potion of ambrosia {unknown}
 P - a potion of agility
 U - a potion of might
 Y - a potion of cancellation
Books
 R - a book of Maledictions

   Spells                             Type                      Level
   a - Corona                         Hexes                        1
   b - Ensorcelled Hibernation        Hexes/Ice                    2
   c - Confuse                        Hexes                        3
   d - Tukima's Dance                 Hexes                        3
   e - Dazzling Spray                 Conjuration/Hexes            3
Comestibles
 f - 3 meat rations
 l - 10 bread rations
 s - 17 fruits
 M - 4 royal jellies


   Skills:
 * Level 11.6(16.6) Fighting
 - Level 0.8(13.0) Axes
 * Level 12.2(17.2) Maces & Flails
 - Level 5.1(10.1) Throwing
 * Level 5.3(10.3) Armour
 - Level 7.7(12.7) Dodging
 - Level 1.7(6.7) Stealth
 * Level 5.0 Invocations


You had 11 spell levels left.
You didn't know any spells.

Dungeon Overview and Level Annotations

Branches:
Dungeon (12/15)            Temple (1/1) D:7            Lair (3/6) D:11
 Shoals (0/4) Lair:2          Orc (0/2) D:12
  Snake: Lair:2-4    Spider: Lair:2-4

Altars:
Ashenzari
Cheibriados
Dithmenos
Elyvilon
Fedhas
Gozag
Hepliaklqana
Kikubaaqudgha
Makhleb
Nemelex Xobeh
Okawaru
Qazlal
Ru
Sif Muna
Trog
Uskayaw
Vehumet
Xom
Yredelemnul
Zin
The Shining One

Shops:
D:4 [   D:9 !

Annotations:
D:8 Gastronok
D:10 Oddysee's ghost, journeyman DDFi
Lair:3 Snorg


Innate Abilities, Weirdness & Mutations

((You have a pair of large horns on your head.))
You have a somewhat thin skeletal structure. (Dex +2, Stealth)
You sometimes gain power by taking damage.
((You are mostly covered in sharp spines.))
((You have sharp fingernails.))
((Your skin changes colour to match your surroundings (Stealth+).))
You possess an exceptional clarity of mind.
You are weak. (Str -2)


Message History

* * * LOW HITPOINT WARNING * * *
Snorg completely misses you. Snorg claws you!
* * * LOW HITPOINT WARNING * * *
You turn into a tree.
Your +1 cloak melds into your body.
Your +1 pair of boots of stealth melds into your body.
Your +0 leather armour melds into your body.
You feel less stealthy.
Your roots penetrate the ground.
Snorg bites you.
* * * LOW HITPOINT WARNING * * *
Snorg completely misses you. Snorg claws you but does no damage.
You completely miss Snorg.
Snorg is heavily wounded.
Snorg bites you.
* * * LOW HITPOINT WARNING * * *
Snorg claws you!
* * * LOW HITPOINT WARNING * * *
You focus on the pain.
You feel mightier all of a sudden. Snorg claws you but does no damage.
Snorg barely misses you. Snorg claws you but does no damage. Snorg claws you!
You die...

### ##.#### #### ### ######## #
####.#.#.###.P####.####.#.##.####
.................................
................♣................
#..............T.................
#.......P.#....#..#....#####.#...
#...#...###...######...# ###...
#...#...# #....P# #....# #...
........# #.....# ##....# #...
#...#...###.†#.## #...## #...
#...#...##.....## ....# ....
#...........(...##


You could see Snorg (berserk).

Vanquished Creatures
  Erolcha (D:12)
  A hydra (D:12)
  Erica (Lair:1)
  4 two-headed ogres
  A lindwurm (Lair:2)
  An unseen horror (D:11)
  3 cyclopes
  2 black mambas (Lair:2)
  2 spiny frogs (Lair:2)
  5 komodo dragons
  A troll (D:11)
  Prince Ribbit (D:5)
  A hippogriff (Lair:3)
  2 wyverns
  A spriggan (D:9)
  13 yaks
  A basilisk (Lair:1)
  4 hungry ghosts
  Grum (D:9)
  A steam dragon (D:9)
  Edmund (D:5)
  9 water moccasins
  An acid dragon (D:12)
  3 wargs (D:12)
  2 porcupines
  Duvessa (D:7)
  7 ice beasts
  3 orc warriors
  3 sky beasts
  A black bear (Lair:2)
  An eye of draining (D:10)
  3 phantoms
  5 ogres
  2 wolves (D:9)
  10 centaurs
  4 crocodiles
  12 bullfrogs
  Dowan (D:7)
  5 scorpions
  9 killer bees
  7 wights
  2 crimson imps
  A bullfrog zombie (D:6)
  8 hounds
  A jelly (D:8)
  4 orc priests
  Crazy Yiuf (D:3)
  4 bullfrog skeletons
  2 centaur skeletons
  14 orc wizards
  2 iguanas
  11 worker ants
  A killer bee zombie (D:7)
  A hound skeleton (D:9)
  A howler monkey zombie (D:6)
  2 worker ant zombies
  12 gnolls
  14 adders
  A shadow imp (D:9)
  2 adder zombies
  2 adder skeletons
  3 worms
  2 dart slugs (D:1)
  10 leopard geckos
  36 orcs
  2 giant cockroaches (D:1)
  10 goblins
  5 hobgoblins
  6 jackals
  6 kobolds
  3 quokkas
  2 ball pythons
  5 bats
  4 frilled lizards
  A leopard gecko skeleton (D:4)
  A leopard gecko zombie (D:7)
  6 rats
325 creatures vanquished.

Vanquished Creatures (others)
  A centaur (D:12)
  28 fungi (D:11)
  7 plants (D:11)
36 creatures vanquished.

Grand Total: 361 creatures vanquished

Notes
Turn   | Place    | Note
-------+----------+-------------------------------------------
     0 | D:1      | Sunburn the Demonspawn Monk began the quest for the Orb.
     0 | D:1      | Reached XP level 1. HP: 18/18 MP: 1/1
   505 | D:1      | Gained mutation: You have a pair of small horns on your head. [demonic ancestry]
   505 | D:1      | Reached XP level 2. HP: 15/24 MP: 2/2
   803 | D:1      | Reached skill level 3 in Maces & Flails
   803 | D:1      | Reached XP level 3. HP: 6/29 MP: 3/3
  1889 | D:2      | Reached XP level 4. HP: 32/36 MP: 4/4
  2132 | D:2      | Found a deep blue altar of Sif Muna.
  2340 | D:3      | Found a shimmering altar of Xom.
  2448 | D:3      | Found a sparkling altar of Nemelex Xobeh.
  2786 | D:2      | Gained mutation: You are weak. (Str -2) [potion of mutation]
  2786 | D:2      | Gained mutation: You have sharp fingernails. [potion of mutation]
  2828 | D:3      | Reached skill level 4 in Maces & Flails
  2828 | D:3      | Gained mutation: You sometimes gain a little power by taking damage. [demonic ancestry]
  2828 | D:3      | Reached XP level 5. HP: 22/42 MP: 5/5
  2906 | D:3      | Found a runed door.
  3597 | D:3      | Noticed Crazy Yiuf
  3601 | D:3      | Killed Crazy Yiuf
  3737 | D:3      | Gained mutation: You are partially covered in sharp spines. [demonic ancestry]
  3737 | D:3      | Reached XP level 6. HP: 33/48 MP: 6/6
  3892 | D:4      | Found an ancient bone altar of Kikubaaqudgha.
  3942 | D:4      | Reached skill level 5 in Maces & Flails
  4102 | D:3      | Gained mutation: You are mostly covered in sharp spines. [demonic ancestry]
  4102 | D:3      | Reached XP level 7. HP: 48/55 MP: 7/7
  4501 | D:4      | Reached skill level 5 in Fighting
  4501 | D:4      | Reached skill level 5 in Dodging
  4580 | D:4      | Found Nuebauh's Armour Shoppe.
  4608 | D:4      | Reached skill level 6 in Maces & Flails
  4682 | D:5      | Entered Level 5 of the Dungeon
  4713 | D:5      | Noticed Prince Ribbit
  4898 | D:5      | Found a basalt altar of Yredelemnul.
  5078 | D:5      | Reached XP level 8. HP: 62/63 MP: 8/8
  5260 | D:5      | Noticed Edmund
  5273 | D:5      | Killed Edmund
  5330 | D:5      | Killed Prince Ribbit
  5733 | D:6      | Found a hazy altar of Hepliaklqana.
  5752 | D:6      | Reached skill level 7 in Maces & Flails
  5983 | D:6      | Found a sacrificial altar of Ru.
  6252 | D:6      | Gained mutation: You have a somewhat thin skeletal structure. (Dex +2, Stealth) [demonic ancestry]
  6252 | D:6      | Reached XP level 9. HP: 70/71 MP: 9/9
  6448 | D:7      | Gained mutation: Your skin changes colour to match your surroundings (Stealth+). [mutagenic meat]
  6482 | D:7      | Found a staircase to the Ecumenical Temple.
  6495 | Temple   | Entered the Ecumenical Temple
  6521 | Temple   | Became a worshipper of Warmaster Okawaru
  6521 | Temple   | Reached * piety under Okawaru
  6521 | Temple   | Reached ** piety under Okawaru
  6635 | D:7      | Found an opulent altar of Gozag.
  6825 | D:7      | Reached skill level 8 in Maces & Flails
  6947 | D:7      | Found a hide-covered altar of Uskayaw.
  6948 | D:7      | Noticed a hand axe
  6948 | D:7      | Noticed a hand axe
  7403 | D:8      | Noticed Gastronok
  7515 | D:8      | Noticed a cyclops
  7549 | D:8      | Noticed a two-headed ogre
  7704 | D:7      | Noticed Duvessa
  7705 | D:7      | Noticed Dowan
  7718 | D:7      | Killed Duvessa
  7718 | D:7      | Reached skill level 9 in Maces & Flails
  7718 | D:7      | Reached skill level 1 in Throwing
  7733 | D:7      | Killed Dowan
  8082 | D:8      | Reached *** piety under Okawaru
  8181 | D:8      | Killed a cyclops
  8181 | D:8      | Reached skill level 1 in Armour
  8181 | D:8      | Gained mutation: You sometimes gain power by taking damage. [demonic ancestry]
  8181 | D:8      | Reached XP level 10. HP: 70/80 MP: 7/10
  8399 | D:9      | Found Nyitet's Distillery.
  8402 | D:9      | Bought a potion of might for 44 gold pieces
  8402 | D:9      | Bought a potion of heal wounds for 55 gold pieces
  8402 | D:9      | Bought a potion of heal wounds for 55 gold pieces
  8402 | D:9      | Bought a potion of heal wounds for 55 gold pieces
  8533 | D:9      | Found a glowing golden altar of the Shining One.
  8561 | D:9      | Noticed Grum
  8567 | D:9      | Killed Grum
  8656 | D:9      | Reached **** piety under Okawaru
  8806 | D:10     | Entered Level 10 of the Dungeon
  8864 | D:10     | Reached skill level 1 in Invocations
  9061 | D:10     | Noticed a five-headed hydra
  9181 | D:10     | Noticed a two-headed ogre
  9238 | D:10     | Noticed Oddysee's ghost (journeyman DDFi)
  9519 | D:11     | Noticed a two-headed ogre
  9539 | D:11     | Killed a two-headed ogre
  9731 | D:11     | Reached skill level 10 in Maces & Flails
  9843 | D:11     | Killed an unseen horror
  9919 | D:11     | Noticed a cyclops
  9945 | D:11     | Killed a cyclops
  9945 | D:11     | Reached ***** piety under Okawaru
  9945 | D:11     | Gained mutation: You have a pair of horns on your head. [demonic ancestry]
  9945 | D:11     | Reached XP level 11. HP: 68/89 MP: 12/12
 10639 | D:10     | Got a smoking flail
 10800 | D:9      | Identified a scroll of acquirement
 10827 | D:10     | Noticed a two-headed ogre
 10837 | D:10     | Killed a two-headed ogre
 10837 | D:10     | Received a gift from Okawaru
 10838 | D:10     | Got a faintly humming hat {god gift}
 10844 | D:10     | Identified the +2 hat of Sytassad {rPois rF+} (Okawaru gifted it to you on level 10 of the Dungeon)
 11224 | D:9      | Bought a potion of heal wounds for 55 gold pieces
 11265 | D:8      | Found a bloodstained altar of Trog.
 11326 | D:9      | Killed a two-headed ogre
 11531 | D:7      | Reached skill level 10 in Fighting
 11837 | D:12     | Noticed a seven-headed hydra
 11890 | D:12     | Killed a seven-headed hydra
 12030 | D:12     | Gained mutation: You possess an exceptional clarity of mind. [mutagenic meat]
 12031 | D:12     | Gained mutation: You have a pair of large horns on your head. [mutagenic meat]
 12170 | D:12     | Noticed Erolcha
 12241 | D:12     | Killed a two-headed ogre
 12291 | D:12     | Reached skill level 11 in Maces & Flails
 12297 | D:12     | Got a pitted war axe
 12868 | D:12     | Killed Erolcha
 12868 | D:12     | Reached skill level 5 in Throwing
 13155 | D:12     | Found a staircase to the Orcish Mines.
 13398 | D:11     | Noticed a brown ugly thing
 13466 | D:11     | Found a blossoming altar of Fedhas.
 13502 | D:11     | Found a staircase to the Lair.
 13546 | Lair:1   | Entered Level 1 of the Lair of Beasts
 13552 | Lair:1   | Got an iridescent battleaxe
 13609 | Lair:1   | Identified the +7 battleaxe of Karma {freeze, Fragile Dex+7} (You found it on level 1 of the Lair of Beasts)
 13688 | Lair:1   | Reached XP level 12. HP: 75/99 MP: 12/14
 13763 | Lair:1   | Noticed Erica
 13776 | Lair:1   | Killed Erica
 13776 | Lair:1   | Received a gift from Okawaru
 14100 | Lair:1   | Found a basalt altar of Yredelemnul.
 14276 | Lair:2   | Received a gift from Okawaru
 14566 | Lair:2   | Reached skill level 5 in Armour
 14572 | Lair:2   | Reached skill level 12 in Maces & Flails
 14721 | Lair:2   | Received a gift from Okawaru
 14991 | Lair:2   | Found a staircase to the Shoals.
 15020 | Lair:3   | Identified the +2 flail "Ogreslayer" {vamp, Dex+5} (You found it on level 10 of the Dungeon)
 15021 | Lair:3   | Identified the +4 war axe "Pauff" {freeze, +Inv} (You found it on level 12 of the Dungeon)
 15205 | Lair:3   | Noticed Snorg
 15228 | Lair:3   | Received a gift from Okawaru
 15228 | Lair:3   | Reached skill level 5 in Invocations
 15230 | Lair:3   | HP: 1/151 [Snorg (15)]
 15230 | Lair:3   | Mangled by Snorg

Skill      XL: |  1  2  3  4  5  6  7  8  9 10 11 12 |
---------------+-------------------------------------+-----
Dodging        | 3 4 5 6 7 |  7.7
Maces & Flails | 3 4 5 6 7 9 10 11 12 | 12.2
Fighting       | 4 5 6 7 9 10 11 | 11.6
Throwing       | 1 3 5 |  5.1
Armour         | 1 3 4 5 |  5.3
Invocations    | 2 5 |  5.0
Axes           | |  0.8
Stealth        | |  1.7

Action                   |  1- 3 |  4- 6 |  7- 9 | 10-12 || total
-------------------------+-------+-------+-------+-------++-------
Melee: Mace              |    96 |   190 |    19 |       ||   305
       Headbutt          |    12 |    43 |    75 |    80 ||   210
       Whip              |       |     7 |   243 |    32 ||   282
       Flail             |       |       |    77 |    30 ||   107
       Dagger            |       |       |     1 |       ||     1
       Dire flail        |       |       |       |   193 ||   193
       Quarterstaff      |       |       |       |    61 ||    61
       Battleaxe         |       |       |       |    81 ||    81
Throw: Stone             |    10 |     4 |     2 |     2 ||    18
       Tomahawk          |       |    17 |    17 |    74 ||   108
       Javelin           |       |       |       |     1 ||     1
Invok: Heroism           |       |       |     2 |     4 ||     6
       Finesse           |       |       |       |     1 ||     1
  Use: Potion            |     1 |     4 |     6 |    16 ||    27
       Scroll            |     3 |     4 |    10 |    20 ||    37
 Stab: Sleeping          |     5 |     4 |     2 |    19 ||    30
       Distracted        |       |       |     1 |     4 ||     5
  Eat: Bread ration      |     1 |       |       |     1 ||     2
       Chunk             |       |     5 |     4 |     5 ||    14
       Royal jelly       |       |     1 |       |       ||     1
       Fruit             |       |       |     2 |     5 ||     7
       Meat ration       |       |       |     3 |     4 ||     7
Armor: Robe              |    15 |    28 |     9 |       ||    52
       Skin              |     1 |       |    37 |    23 ||    61
       Leather armour    |       |       |    15 |    39 ||    54
Dodge: Dodged            |    89 |   193 |   201 |   331 ||   814
